 Dungeon Crawl Stone Soup version 0.29-a0-322-g68df515428 (webtiles) character file.

Game seed: 13063461397250475713

168 dianekeaton the Chopper (level 5, -3/45 HPs)
             Began as a Hill Orc Fighter on Apr 6, 2022.
             Blown up by Ijyb (15 damage)
             ... with a mindburst bolt
             ... on level 3 of the Dungeon.
             The game lasted 00:07:19 (2475 turns).

dianekeaton the Chopper (Hill Orc Fighter)          Turns: 2475, Time: 00:07:19

Health: -3/45      AC: 10    Str: 27    XL:     5   Next: 48%
Magic:  5/5        EV:  8    Int:  8    God:
Gold:   97         SH:  4    Dex: 10    Spells: 4/4 levels left

rFire   . . .      SeeInvis .   a - +1 war axe
rCold   . . .      Faith    .   c - +0 buckler
rNeg    . . .      Spirit   .   i - +0 chain mail
rPois   +          Reflect  .   (no helmet)
rElec   .          Harm     .   g - +0 cloak
rCorr   .          Rampage  .   (no gloves)
Will    .....                   (no boots)
Stlth   ..........              (no amulet)
HPRegen 0.15/turn               d - +6 ring of strength
MPRegen 0.09/turn               j - ring of poison resistance

@: no status effects
A: no striking features
a: no special abilities


You were on level 3 of the Dungeon.
You visited 1 branch of the dungeon, and saw 3 of its levels.

You collected 97 gold pieces.

Inventory:

Hand Weapons
 a - a +1 war axe (weapon)
Missiles
 l - 2 atropa-tipped darts (quivered)
Armour
 c - a +0 buckler (worn)
 g - a +0 cloak (worn)
 i - a +0 chain mail (worn)
Jewellery
 d - a +6 ring of strength (left hand)
 j - a ring of poison resistance (right hand)
Scrolls
 k - a scroll of fear {unknown}
 n - a scroll of blinking {unknown}
Potions
 b - a potion of curing {unknown}
 e - a potion of berserk rage {unknown}
 f - a potion of flight {unknown}


   Skills:
 - Level 3.6 Fighting
 + Level 7.1 Axes
 - Level 3.2 Armour
 - Level 0.5 Dodging
 - Level 0.1 Stealth
 - Level 3.2 Shields


You had 4 spell levels left.
You didn't know any spells.
Your spell library contained the following spells:

 Spells                   Type           Power      Damage    Failure   Level
 Sandblast                Erth           0%         2d4       98%         1
 Passwall                 Tmut/Erth      0%         N/A       99%         2
 Stone Arrow              Conj/Erth      0%         3d7       100%        3
 Chain Lightning          Conj/Air       0%         N/A       100%        9
 Fire Storm               Conj/Fire      0%         5d1       100%        9
 Shatter                  Erth           0%         3d5*      100%        9


Dungeon Overview and Level Annotations

Branches:
Dungeon (3/15)

Altars:

Shops:
D:1 (

Annotations:
D:3 Ijyb


Message History

You throw a poisoned dart. The poisoned dart closely misses Ijyb.
Ijyb shouts!
Throw: 2 darts (poison)
Press: ? - help, Q - select action, (/) - cycle Shift-Dir - straight line, f/p - Ijyb
Aim: Ijyb, wielding a +0 dagger, wearing a +0 leather armour and carrying a wand of mindburst (13) (47% to hit)
You throw a poisoned dart. The poisoned dart hits Ijyb.
Ijyb is poisoned.
Throw: dart (poison)
Press: ? - help, Q - select action, (/) - cycle Shift-Dir - straight line, f/p - Ijyb
Aim: Ijyb, wielding a +0 dagger, wearing a +0 leather armour and carrying a wand of mindburst (13) (poisoned, 47% to hit)
You throw a poisoned dart. The poisoned dart barely misses Ijyb.
Ijyb zaps a wand.
Your mind is blasted!
Okay, then.
Ijyb zaps a wand.
You barely resist. You barely miss Ijyb.
Ijyb is lightly wounded.
Ijyb looks more healthy.
Ijyb closely misses you. Ijyb hits you but does no damage.
You hit Ijyb.
Ijyb is moderately wounded.
Ijyb hits you with a +0 dagger.
You closely miss Ijyb.
Ijyb is moderately wounded.
Ijyb hits you with a +0 dagger.
* * * LOW HITPOINT WARNING * * *
You miss Ijyb.
Ijyb is moderately wounded.
Ijyb barely misses you.
You closely miss Ijyb.
Ijyb is moderately wounded.
You block Ijyb's attack.
You hit Ijyb.
Ijyb is heavily wounded.
Ijyb hits you but does no damage. x2
You barely miss Ijyb.
Ijyb is heavily wounded.
Ijyb barely misses you.
You hit Ijyb.
Ijyb is severely wounded.
Ijyb zaps a wand.
Your mind is blasted!
You die...

#......### #.......
#.........##.......
#.........#........
##........#........
#........#.....#..
######......#.....###
#.......##........#..
#..............####..
#...@g.........# #..
#.......((.....# #..
#..........#....# #..
#####......#....# #..
#.......#....# #..
..................#
###...#####....###.#
...... ....##...
......# #........


You could see Ijyb.

Vanquished Creatures
  Robin (D:2)
  4 gnolls (D:2)
  6 adders
  A worm (D:3)
  A dart slug (D:2)
  6 endoplasms
  5 hobgoblins
  3 jackals (D:2)
  5 ball pythons (D:1)
  3 bats
  4 frilled lizards
  11 goblins
  8 kobolds
  4 rats
62 creatures vanquished.

Vanquished Creatures (others)
  26 plants (D:2)
26 creatures vanquished.

Grand Total: 88 creatures vanquished

Notes
Turn   | Place    | Note
-------+----------+-------------------------------------------
     0 | D:1      | dianekeaton the Hill Orc Fighter began the quest for the
                  | Orb.
     0 | D:1      | Reached XP level 1. HP: 19/19 MP: 1/1
    59 | D:1      | Reached skill level 3 in Axes
   192 | D:1      | Reached XP level 2. HP: 26/26 MP: 2/2
   216 | D:1      | Found Xugofimm's Weapon Emporium.
   431 | D:1      | Reached skill level 4 in Axes
  1077 | D:2      | Reached XP level 3. HP: 29/31 MP: 3/3
  1255 | D:2      | Noticed Robin
  1257 | D:2      | Reached skill level 5 in Axes
  1265 | D:2      | Killed Robin
  1266 | D:2      | Reached XP level 4. HP: 11/39 MP: 4/4
  1538 | D:2      | Found a faded altar of an unknown god.
  1628 | D:2      | Reached skill level 6 in Axes
  2137 | D:2      | Reached XP level 5. HP: 45/45 MP: 5/5
  2272 | D:3      | Reached skill level 7 in Axes
  2395 | D:3      | Noticed Ijyb
  2475 | D:3      | Blown up by Ijyb

Illustrated notes

Levels and vault maps discovered:
D:1:      dpeg_arrival_boxes_within_box, layout_basic, serial_shops,
          nicolae_shop_statue_plus
D:2:      layout_basic, hellmonk_ecumenical_altar_leap_of_faith, serial_bayou,
          serial_bayou_crossing, serial_bayou_shore_b, serial_bayou_lagoon_b,
          serial_bayou_lagoon_a, uniq_robin
D:3:      layout_basic, serial_shops, shop, due_unseen_surprise, uniq_ijyb

Skill      XL: |  1  2  3  4  5 |
---------------+----------------+-----
Axes           | 3 4 5 6 7 |  7.1
Fighting       | |  3.6
Armour         | |  3.2
Dodging        | |  0.5
Stealth        | |  0.1
Shields        | |  3.2

Action                   |  1- 3 |  4- 6 || total
-------------------------+-------+-------++-------
Melee: War axe           |    81 |    91 ||   172
Throw: Dart              |       |     5 ||     5
  Use: Scroll            |     2 |     2 ||     4
       Potion            |     1 |       ||     1
Armor: Scale mail        |    11 |       ||    11
       Chain mail        |    34 |    64 ||    98
Dodge: Dodged            |    38 |    52 ||    90
Block: Buckler           |    24 |    27 ||    51

Table legend: (Time is in decaauts)
 A = Elapsed time spent in this place.
 B = Non-inter-level travel time spent in this place.
 C = Inter-level travel time spent in this place.
 D = Time resting spent in this place.
 E = Time spent auto-exploring this place.
 F = Levels seen in this place.
 G = Mean time per level.
                   A        B        C        D        E       F      G
               +--------+--------+--------+--------+--------+-----+--------+
         Total |   2584 |   2487 |     97 |    291 |   1647 |   3 |  861.3 |
       Dungeon |   2584 |   2487 |     97 |    291 |   1647 |   3 |  861.3 |
               +--------+--------+--------+--------+--------+-----+--------+

Top non-repeatable levels by time:
     D:2: 1150 daAuts
     D:1: 1035 daAuts
     D:3: 399 daAuts
